 Dungeon Crawl Stone Soup version 0.23.0 (webtiles) character file.

Game seed: 1741595847274773273

5291 Grim the Zephyrmancer (level 10, -5/50 HPs)
             Began as a Tengu Air Elementalist on Feb 16, 2019.
             Was a Priest of Vehumet.
             Slain by a two-headed ogre
             ... wielding a +0 giant spiked club
              (27 damage)
             ... on level 9 of the Dungeon.
             The game lasted 00:44:22 (12820 turns).

Grim the Zephyrmancer (Tengu Air Elementalist)     Turns: 12820, Time: 00:44:23

Health: -5/50      AC:  5    Str: 10    XL:     10   Next: 63%
Magic:  25/27      EV: 20    Int: 19    God:    Vehumet [***...]
Gold:   1115       SH:  0    Dex: 15    Spells: 3/21 levels left

rFire    . . .     SeeInvis .   i - +1 short sword
rCold    + . .     Gourm    .   (no shield)
rNeg     . . .     Faith    +   a - +0 robe
rPois    .         Spirit   .   (helmet restricted)
rElec    .         Reflect  .   D - +2 cloak {MR+}
rCorr    .         Harm     .   (no gloves)
MR       +....                  (boots unavailable)
Stlth    ++........             x - amulet of faith
HPRegen  0.16/turn              n - ring of protection from cold
MPRegen  0.20/turn              B - ring of magical power

@: swift, about to teleport, flying quickly and evasively, very quick
A: beak, talons 3, blink, blurry vision 1, low mp 1, strong 1, no potion heal 1,
subdued magic 1, able to fly
a: Stop Flying, Blink, Renounce Religion


You were on level 9 of the Dungeon.
You worshipped Vehumet.
Vehumet was most pleased with you.
You were very hungry.

You visited 1 branch of the dungeon, and saw 9 of its levels.
You also visited: Bailey.

You collected 1115 gold pieces.

Inventory:

Hand Weapons
 i - a +1 short sword (weapon)
Armour
 a - a +0 robe (worn)
 D - a +2 cloak of magic resistance (worn)
Jewellery
 n - a ring of protection from cold (left hand)
 x - an amulet of faith (around neck)
 A - an uncursed ring of fire
 B - a ring of magical power (right hand)
Wands
 f - a wand of flame (10)
 h - a wand of iceblast (12)
 k - a wand of disintegration (13)
 C - a wand of polymorph (15)
Scrolls
 b - 2 scrolls of remove curse
 d - 2 scrolls of enchant weapon
 e - a scroll of amnesia {unknown}
 g - a scroll of noise {unknown}
 o - 2 scrolls of enchant armour {unknown}
 s - a scroll of fear {unknown}
 t - a scroll of magic mapping
 v - a scroll of fog
 y - a scroll of immolation {unknown}
Potions
 j - a potion of magic
 m - a potion of heal wounds {unknown}
 p - 3 potions of curing
 q - a potion of resistance
 r - a potion of brilliance {unknown}
 u - a potion of lignification {unknown}
 w - a potion of ambrosia {unknown}
 z - a potion of degeneration {unknown}
 E - a potion of invisibility {unknown}
Comestibles
 c - 7 rations


   Skills:
 - Level 5.0 Short Blades
 - Level 7.7 Dodging
 - Level 2.0 Stealth
 * Level 6.0 Spellcasting
 - Level 10.6 Conjurations
 - Level 11.2 Air Magic


You had 3 spell levels left.
You knew the following spells:

 Your Spells              Type           Power        Failure   Level  Hunger
a - Shock                 Conj/Air       ####         1%          1    None
d - Static Discharge      Conj/Air       #####...     1%          3    ##.....
m - Mephitic Cloud        Conj/Pois/Air  ####....     1%          3    ##.....
s - Swiftness             Chrm/Air       ###.....     1%          2    None
A - Airstrike             Air            #####.....   1%          4    ####...
L - Lightning Bolt        Conj/Air       #####.....   1%          5    #####..

Your spell library contained the following spells:

 Spells                   Type           Power        Failure   Level  Hunger
 Force Lance              Conj/Tloc      ###.....     3%          4    ####...


Dungeon Overview and Level Annotations

Branches:
Dungeon (9/15)             Temple (0/1) D:6
   Lair: D:8-11         Orc: D:9-12

Altars:
Cheibriados
Fedhas
Gozag
Makhleb
Okawaru
Ru
Trog
Vehumet
Wu Jian
Xom
The Shining One


Innate Abilities, Weirdness & Mutations

You have a beak for a mouth.
You have claws for feet.
You can fly continuously.
You can translocate small distances at will.
Scrolls take you a little longer to read.
Your magical capacity is low. (-10% MP)
Your muscles are strong. (Str +2)
Potions are less effective at restoring your health.
Your spells are a little easier to cast, but a little less powerful.


Message History

There is a gate leading back out of this place here.
Welcome back to the Dungeon!
The purple ugly thing gurgles horribly!
The purple ugly thing gores you!!
There is an empty arch of ancient stone, spattered with blood here.
Okay, then.
Really read with blurry vision while enemies are nearby?
The purple ugly thing barely misses you.
You begin reading the scroll.
You continue reading the scroll.
The two-headed ogre completely misses you. x2
The purple ugly thing gores you!
As you read the scroll of teleportation, it crumbles to dust.
You feel strangely unstable.
Casting: Lightning Bolt (safe; 1% risk of failure)
Confirm with . or Enter, or press ? or * to list all spells.
You feel quick.
The purple ugly thing gores you but does no damage.
The two-headed ogre hits you with a +0 giant spiked club!!
Ouch! That really hurt!
You die...

........#
...>...#
#.....#
#.....#######
#...........#
#...........#
#...........#
#........)..#
#.......O@).#
#.....#.u)..#
#.....#.....#
#.....####..#
#.....# .##
#..._.# .#
#... .# .#


You could see a purple ugly thing and a two-headed ogre.

Vanquished Creatures
  A two-headed ogre (D:8)
  Pikel (D:6)
  An orc knight (Bailey)
  A hippogriff (D:8)
  A water moccasin (D:8)
  4 orc warriors
  A black bear (D:5)
  6 ice beasts
  A slave (D:6)
  3 sky beasts (D:8)
  A phantom (D:8)
  5 ogres
  3 centaurs
  A big kobold (D:8)
  2 bullfrogs
  2 scorpions
  2 crimson imps (D:5)
  Crazy Yiuf (D:6)
  8 hounds
  2 jellies (D:6)
  A gnoll shaman (D:8)
  3 orc priests
  An iguana (D:5)
  8 orc wizards
  A killer bee zombie (D:5)
  A hound skeleton (D:5)
  10 adders
  8 gnolls
  A howler monkey skeleton (D:8)
  An adder skeleton (D:7)
  4 worms
  3 dart slugs
  10 leopard geckos
  24 orcs
  4 bats
  5 giant cockroaches
  12 hobgoblins
  8 jackals
  3 quokkas
  A ball python (D:2)
  10 frilled lizards
  13 goblins
  A jackal skeleton (D:4)
  29 kobolds
  A leopard gecko skeleton (D:5)
  A leopard gecko zombie (D:5)
  A quokka skeleton (D:6)
  6 rats
218 creatures vanquished.

Vanquished Creatures (others)
  2 slaves (D:6)
  An orc (D:6)
3 creatures vanquished.

Grand Total: 221 creatures vanquished

Notes
Turn   | Place    | Note
-------+----------+-------------------------------------------
     0 | D:1      | Grim the Tengu Air Elementalist began the quest for the
                  | Orb.
     0 | D:1      | Reached XP level 1. HP: 10/10 MP: 4/4
   192 | D:1      | Reached XP level 2. HP: 15/15 MP: 1/6
   714 | D:1      | Reached XP level 3. HP: 19/19 MP: 0/7
   782 | D:1      | Learned a level 2 spell: Swiftness
  1263 | D:2      | Reached skill level 5 in Air Magic
  1265 | D:2      | Reached skill level 1 in Short Blades
  1443 | D:2      | Reached XP level 4. HP: 8/24 MP: 3/8
  1695 | D:2      | Found a sacrificial altar of Ru.
  2070 | D:2      | Found an ornate altar of the Wu Jian Council.
  2200 | D:2      | Gained mutation: You have a pair of small antennae on your
                  | head. [potion of mutation]
  2200 | D:2      | Gained mutation: Your magical capacity is low. (-10% MP)
                  | [potion of mutation]
  2200 | D:2      | Gained mutation: Your muscles are strong. (Str +2) [potion
                  | of mutation]
  2203 | D:2      | Lost mutation: Your muscles are strong. (Str +2) [potion of
                  | mutation]
  2203 | D:2      | Lost mutation: Your magical capacity is low. (-10% MP)
                  | [potion of mutation]
  2203 | D:2      | Lost mutation: You have a pair of small antennae on your
                  | head. [potion of mutation]
  2203 | D:2      | Gained mutation: Potions are less effective at restoring
                  | your health. [potion of mutation]
  2203 | D:2      | Gained mutation: You possess an exceptional clarity of
                  | mind. [potion of mutation]
  2336 | D:2      | Gained mutation: You can fly continuously. [Tengu growth]
  2336 | D:2      | Reached XP level 5. HP: 21/28 MP: 4/9
  2679 | D:2      | Learned a level 3 spell: Static Discharge
  3026 | D:2      | Found a bloodstained altar of Trog.
  3041 | D:2      | Found a burning altar of Makhleb.
  3053 | D:2      | Found a glowing golden altar of the Shining One.
  3056 | D:2      | Found a radiant altar of Vehumet.
  3091 | D:2      | Became a worshipper of Vehumet
  3252 | D:3      | Reached skill level 6 in Air Magic
  3566 | D:3      | Found a faded altar of an unknown god.
  3591 | D:3      | Reached XP level 6. HP: 32/32 MP: 4/10
  3744 | D:3      | Reached skill level 5 in Conjurations
  4982 | D:4      | Found an opulent altar of Gozag.
  5175 | D:4      | Reached XP level 7. HP: 36/36 MP: 9/11
  5315 | D:4      | Learned a level 4 spell: Airstrike
  5382 | D:4      | Reached skill level 7 in Air Magic
  5523 | D:4      | Found a blossoming altar of Fedhas.
  5802 | D:5      | Entered Level 5 of the Dungeon
  5913 | D:5      | Reached * piety under Vehumet
  5913 | D:5      | Offered knowledge of Sting by Vehumet.
  6256 | D:5      | Found a snail-covered altar of Cheibriados.
  6341 | D:5      | Reached skill level 5 in Short Blades
  6341 | D:5      | Reached XP level 8. HP: 40/41 MP: 2/12
  6491 | D:5      | Reached skill level 8 in Air Magic
  7557 | D:6      | Reached ** piety under Vehumet
  7637 | D:5      | Offered knowledge of Sandblast by Vehumet.
  8161 | D:6      | Got a faintly glowing dagger
  8162 | D:6      | Identified the cursed +2 dagger "Nazad" {pierce, -Tele +Inv
                  | rElec} (You found it on level 6 of the Dungeon)
  8239 | D:6      | Noticed Pikel
  8870 | D:5      | Reached XP level 9. HP: 32/45 MP: 14/15
  8957 | D:5      | Learned a level 5 spell: Lightning Bolt
  9025 | D:6      | Killed Pikel
  9025 | D:6      | Reached skill level 5 in Dodging
  9025 | D:6      | Reached skill level 9 in Air Magic
  9365 | D:6      | Found a staircase to the Ecumenical Temple.
  9426 | D:6      | Found a shimmering altar of Xom.
  9426 | D:6      | Found a shimmering altar of Xom.
  9427 | D:6      | Found a shimmering altar of Xom.
  9427 | D:6      | Found a shimmering altar of Xom.
  9428 | D:6      | Found a shimmering altar of Xom.
  9430 | D:6      | Found a shimmering altar of Xom.
  9484 | D:6      | Found a runed translucent door.
  9485 | D:6      | Noticed Crazy Yiuf
  9518 | D:6      | Killed Crazy Yiuf
 10006 | D:7      | Lost mutation: Potions are less effective at restoring your
                  | health. [potion of mutation]
 10006 | D:7      | Lost mutation: You possess an exceptional clarity of mind.
                  | [potion of mutation]
 10006 | D:7      | Gained mutation: Potions are less effective at restoring
                  | your health. [potion of mutation]
 10006 | D:7      | Gained mutation: You are dopey. (Int -2) [potion of
                  | mutation]
 10006 | D:7      | Gained mutation: You can translocate small distances at
                  | will. [potion of mutation]
 10009 | D:7      | You fall through a shaft!
 10068 | D:8      | Reached skill level 10 in Air Magic
 10230 | D:8      | Offered knowledge of Mephitic Cloud by Vehumet.
 10336 | D:8      | Noticed a two-headed ogre
 10558 | D:8      | Reached *** piety under Vehumet
 10936 | D:8      | Reached XP level 10. HP: 50/50 MP: 18/18
 11166 | D:7      | Learned a level 3 spell: Mephitic Cloud
 11446 | D:8      | Lost mutation: You are dopey. (Int -2) [potion of mutation]
 11446 | D:8      | Gained mutation: Your magical capacity is low. (-10% MP)
                  | [potion of mutation]
 11446 | D:8      | Gained mutation: Scrolls take you a little longer to read.
                  | [potion of mutation]
 11446 | D:8      | Gained mutation: Your spells are a little easier to cast,
                  | but a little less powerful. [potion of mutation]
 11446 | D:8      | Gained mutation: Your muscles are strong. (Str +2) [potion
                  | of mutation]
 11459 | D:8      | Killed a two-headed ogre
 11459 | D:8      | Reached skill level 10 in Conjurations
 11907 | D:9      | Reached skill level 11 in Air Magic
 12241 | D:9      | Found a flagged portal.
 12241 | D:9      | Noticed a purple ugly thing
 12243 | D:9      | Found an iron altar of Okawaru.
 12243 | D:9      | Noticed a two-headed ogre
 12250 | Bailey   | Entered a bailey
 12407 | Bailey   | Offered knowledge of Force Lance by Vehumet.
 12480 | Bailey   | Reached skill level 5 in Spellcasting
 12490 | Bailey   | Noticed an orc knight
 12557 | Bailey   | Killed an orc knight
 12699 | Bailey   | Found an iron altar of Okawaru.
 12820 | D:9      | Slain by a two-headed ogre

Skill      XL: |  1  2  3  4  5  6  7  8  9 10 |
---------------+-------------------------------+-----
Conjurations   | 2 3 4 5 6 7 9 10 | 10.6
Air Magic      | 5 6 7 8 10 11 | 11.2
Short Blades   | 1 2 3 5 |  5.0
Dodging        | 4 6 7 |  7.7
Spellcasting   | 3 4 6 |  6.0
Stealth        | |  2.0

Action                   |  1- 3 |  4- 6 |  7- 9 | 10-12 || total
-------------------------+-------+-------+-------+-------++-------
Melee: Kick              |    10 |     3 |     9 |     1 ||    23
       Unarmed           |     1 |       |     2 |       ||     3
       Short sword       |    43 |    19 |    47 |     4 ||   113
       Peck              |     5 |     2 |    10 |       ||    17
 Cast: Shock             |    42 |   132 |   199 |    44 ||   417
       Static Discharge  |       |     3 |     4 |       ||     7
       Airstrike         |       |       |    31 |     2 ||    33
       Lightning Bolt    |       |       |    13 |    26 ||    39
       Swiftness         |       |       |     2 |     3 ||     5
       Mephitic Cloud    |       |       |       |     3 ||     3
 Abil: Fly               |       |       |     1 |     1 ||     2
       Stop Flying       |       |       |     1 |       ||     1
  Use: Scroll            |       |     3 |    11 |     2 ||    16
       Potion            |       |     3 |     3 |     2 ||     8
 Stab: Sleeping          |     1 |     2 |     1 |       ||     4
  Eat: Chunk             |     2 |    12 |    14 |     5 ||    33
       Ration            |       |       |     6 |     2 ||     8
Armor: Robe              |     5 |     8 |    22 |    10 ||    45
Dodge: Dodged            |    33 |    20 |   117 |    42 ||   212
